 Dungeon Crawl Stone Soup version 0.14.0-20-g75a2fc2 (webtiles) character file.

97 MDvedh the Stinger (level 3, -2/19 HPs)
             Began as a Gargoyle Venom Mage on Apr 21, 2014.
             Killed from afar by Crazy Yiuf (6 damage)
             ... with a wand of flame
             ... on Level 2 of the Dungeon.
             The game lasted 00:02:47 (1940 turns).

MDvedh the Stinger (Gargoyle Venom Mage)            Turns: 1940, Time: 00:02:48

HP  -2/19        AC 15     Str 12      XL: 3   Next: 29%
MP   4/6         EV  9     Int 15      God:
Gold 64          SH  0     Dex 12      Spells:  1 memorised,  5 levels left

rFire  . . .     SeeInvis .     e - +2,+4 whip (pain)
rCold  . . .     Clarity  +     s - +2 ring mail
rNeg   + . .     Conserve .     (no shield)
rPois  +         rCorr    .     (no helmet)
rElec  +         rRot     +     j - +0 cloak
SustAb . .       Spirit   .     (no gloves)
rMut   .         Warding  .     o - +1 pair of boots
Saprov . . .     Stasis   .     (no amulet)
MR     .....                    (no ring)
                                (no ring)

@: confused, not resistant to hostile enchantments, extremely unstealthy
A: large bone plates 1, agile 1, clarity, life protection 1, electricity
resistance, unbreathing, petrification resistance, AC +3
a: no special abilities


You were on level 2 of the Dungeon.
You were hungry.

You visited 1 branch of the dungeon, and saw 2 of its levels.

You collected 64 gold pieces.

Inventory:

Hand weapons
 e - a +2,+4 whip of pain (weapon)
Armour
 a - a +0 robe
 j - a +0 cloak (worn)
 o - a +1 pair of boots (worn)
 s - a +2 ring mail (worn)
Comestibles
 c - 2 bread rations
 f - 10 strawberries
 m - 3 apples
 p - a meat ration
Scrolls
 g - a scroll of noise {unknown}
 i - 2 scrolls of identify {unknown}
 l - a scroll of remove curse {unknown}
 q - a scroll of magic mapping {unknown}
 r - a scroll of enchant weapon I {unknown}
Potions
 d - a potion of confusion
 k - a potion of curing {unknown}
Books
 b - a Young Poisoner's Handbook

   Spells                             Type                      Level
   *Sting                             Conjuration/Poison           1
   Cure Poison                        Poison                       2
   Mephitic Cloud                     Conjuration/Poison/Air       3
   Olgreb's Toxic Radiance            Poison                       4
   Venom Bolt                         Conjuration/Poison           5


   Skills:
 + Level 1.6 Maces & Flails
 - Level 1.5 Dodging
 - Level 2.1 Stealth
 - Level 2.0 Spellcasting
 + Level 4.6 Poison Magic


You had 5 spell levels left.
You knew the following spells:

 Your Spells              Type           Power        Failure   Level  Hunger
a - Sting                 Conj/Pois      #...         14%         1    #......


Dungeon Overview and Level Annotations

Branches:
Dungeon (2/15)

Altars:

Annotations:
D:2 Crazy Yiuf


Innate Abilities, Weirdness & Mutations

You are resistant to torment.
You are immune to poison.
You are immune to rotting.
Your stone body is very resilient (AC +3).
You resist negative energy.
You are resistant to electric shocks.
You can survive without breathing.
You are immune to petrification.
You are partially covered in large bone plates (AC +2, SH +2).
You are agile. (Dex +2)
You possess an exceptional clarity of mind.


Message History

Crazy Yiuf hits you but does no damage.
Crazy Yiuf zaps a wand.
The puff of flame hits you!
Your scroll labeled HAESHILIMO catches fire!
Crazy Yiuf says, "Peeping!
Hack ena chair."
Crazy Yiuf zaps a wand.
The puff of flame hits you!
* * * LOW HITPOINT WARNING * * *
Read which item? (? for menu, Esc to quit)
Okay, then.
Drink which item? (? for menu, Esc to quit)
You are confused.
It was a potion of confusion.
Unknown command.
Drink which item? (? for menu, Esc to quit)
You feel extremely strange.
Your thoughts seem clearer.
Large bone plates grow over parts of your arms.
You feel agile.
It was a potion of mutation.
Crazy Yiuf zaps a wand.
The puff of flame hits you!
You die...

##########
##........#
#...#####.# #....#
#.# ##..@.## #.#
♣♣....♣♣ #.# #######
♣♣♣.g.♣♣ #.# #......
♣♣♣♣.♣♣♣
#.####.#####
♣♣♣♣.♣♣##..(##.##
♣♣♣.♣♣♣#..#.....####
♣♣♣.♣♣♣#%###........
♣♣.♣♣♣ #..#.....###.
##.##♣ ##...##.## #.


You could see Crazy Yiuf.

Vanquished Creatures
  An adder (D:2)
  2 giant geckos (D:2)
  7 bats
  A giant cockroach (D:2)
  3 giant newts (D:2)
  3 goblins
  3 kobolds
  7 rats
27 creatures vanquished.

Notes
Turn   | Place    | Note
--------------------------------------------------------------
     0 | D:1      | MDvedh, the Gargoyle Venom Mage, began the quest for the Orb.
     0 | D:1      | Reached XP level 1. HP: 10/10 MP: 3/3
   652 | D:1      | Reached XP level 2. HP: 15/15 MP: 4/4
  1312 | D:2      | Reached skill level 1 in Maces & Flails
  1640 | D:2      | Reached XP level 3. HP: 19/19 MP: 6/6
  1924 | D:2      | Noticed Crazy Yiuf
  1940 | D:2      | Gained mutation: You possess an exceptional clarity of mind. [potion of mutation]
  1940 | D:2      | Gained mutation: You are partially covered in large bone plates (AC +2, SH +2). [potion of mutation]
  1940 | D:2      | Gained mutation: You are agile. (Dex +2) [potion of mutation]
  1940 | D:2      | Killed from afar by Crazy Yiuf

Action                   || total
-------------------------++-------
Melee: Unarmed           ||    37
       Whip              ||    64
 Cast: Sting             ||    13
  Use: Potion            ||     2
 Stab: Sleeping          ||     4
